 Dungeon Crawl Stone Soup version 0.31-a0-818-ge7c7cf74f0 (webtiles) character file.

Game seed: 11349858471866871178

2096 bcImEvil the Conjurer (level 9, -6/65 HPs)
             Began as a Human Wanderer on Sept 23, 2023.
             Was a Follower of Vehumet.
             Mangled by an orc warrior
             ... wielding a +0 war axe
              (9 damage)
             ... in a bailey.
             The game lasted 00:51:44 (10100 turns).

bcImEvil the Conjurer (Human Wanderer)             Turns: 10100, Time: 00:51:44

Health: -6/65      AC:  9    Str: 13    XL:     9   Next: 52%
Magic:  4/12       EV: 13    Int: 18    God:    Vehumet [*.....]
Gold:   473        SH:  0    Dex: 11    Spells: 2/13 levels left

rFire   . . .        o - +0 battleaxe
rCold   . . .        (shield currently unavailable)
rNeg    . . .        L - +1 robe {Will+}
rPois   +            (no helmet)
rElec   .            (no cloak)
rCorr   .            l - +0 pair of gloves
SInv    .            B - +0 pair of boots
Will    +....        p - amulet of faith
Stlth   +            a - +4 ring of protection
HPRegen 0.30/turn    D - ring of poison resistance
MPRegen 0.13/turn

%: faith
@: about to teleport
A: no striking features
a: Renounce Religion


You were in a bailey.
You worshipped Vehumet.
Vehumet was aware of your devotion.
You visited 2 branches of the dungeon, and saw 9 of its levels.
You also visited: Sewer and Bailey.

You collected 473 gold pieces.

Inventory:

Hand Weapons
 c - a +0 flail of holy wrath
 f - a +0 trident
 o - a +0 battleaxe (weapon)
 w - a +0 dagger of venom
 y - a +0 sling
 z - a +0 falchion
 R - a +0 quarterstaff
 S - a +0 halberd
 X - a +1 morningstar of freezing
 Z - the +7 Throatcutter {drain, coup de grace}
   (You found it on level 6 of the Dungeon)
Missiles
 h - 5 boomerangs (quivered)
 s - 34 stones
Armour
 i - a +0 ring mail
 l - a +0 pair of gloves (worn)
 x - a +2 kite shield
 B - a +0 pair of boots (worn)
 L - a +1 robe of willpower (worn)
 Q - a +0 leather armour of willpower
Jewellery
 a - a +4 ring of protection (left hand)
 p - an amulet of faith (around neck)
 D - a ring of poison resistance (right hand)
 N - a ring of protection from cold
 U - a ring of see invisible
Talismans
 j - a serpent talisman
Wands
 F - a wand of polymorph (15)
 W - a wand of roots (10)
 Y - a wand of flame (6)
Scrolls
 e - a scroll of fog {unknown}
 g - 2 scrolls of revelation
 m - 2 scrolls of summoning {unknown}
 n - 3 scrolls of noise
 t - 2 scrolls of teleportation
 u - a scroll of vulnerability {unknown}
 A - a scroll of enchant weapon {unknown}
 E - 2 scrolls of identify
 H - 2 scrolls of enchant armour {unknown}
 I - a scroll of blinking {unknown}
 M - a scroll of torment {unknown}
 V - a scroll of amnesia {unknown}
Potions
 b - 4 potions of curing
 d - a potion of lignification
 k - 3 potions of mutation {unknown}
 q - 2 potions of berserk rage {unknown}
 r - 4 potions of degeneration {unknown}
 v - a potion of enlightenment {unknown}
 C - 3 potions of heal wounds {unknown}
 G - a potion of haste {unknown}
 J - 2 potions of invisibility {unknown}
 K - 2 potions of magic {unknown}
 O - a potion of might {unknown}
 P - a potion of brilliance {unknown}
 T - 3 potions of attraction {unknown}


   Skills:
 + Level 4.3 Fighting
 + Level 4.1(4.2) Short Blades
 + Level 1.0(2.7) Long Blades
 + Level 3.6(4.2) Axes
 + Level 1.4(2.7) Maces & Flails
 + Level 2.3(3.3) Polearms
 + Level 3.3 Ranged Weapons
 + Level 0.8 Throwing
 + Level 4.6 Dodging
 - Level 1.0 Stealth
 - Level 2.5 Spellcasting
 - Level 5.0 Conjurations
 - Level 2.0 Hexes
 - Level 2.5 Transmutations
 + Level 3.9 Fire Magic
 - Level 0.5 Ice Magic
 - Level 1.0 Poison Magic


You had 2 spell levels left.
You knew the following spells:

 Your Spells              Type           Power      Damage    Failure   Level
a - Magic Dart            Conj           80%        1d7       2%          1
b - Sting                 Tmut/Pois      32%        1d4       9%          1
c - Searing Ray           Conj           40%        2d5       3%          2
d - Wereblood             Tmut           11%        N/A       10%         2
e - Ensorcelled Hibernat  Hex/Ice        12%        N/A       16%         2
f - Ignite Poison         Fire/Tmut/Pois 11%        N/A       19%         3

Your spell library contained the following spells:

 Spells                   Type           Power      Damage    Failure   Level
 Foxfire                  Conj/Fire      72%        2x1d7     2%          1
 Jinxbite                 Hex            18%        N/A       12%         2
 Apportation              Tloc           4%         N/A       17%         1
 Lesser Beckoning         Tloc           4%         N/A       26%         2
 Dazzling Flash           Conj/Hex       28%        N/A       12%         3
 Hailstorm                Conj/Ice       12%        3d5       17%         3
 Volatile Blastmotes      Fire/Tloc      18%        2d11      24%         3
 Gell's Gravitas          Tloc           2%         N/A       45%         3
 Teleport Other           Tloc           2%         N/A       45%         3
 Irradiate                Conj/Tmut      7%         3d14      71%         5
 Anguish                  Hex/Necr       2%         N/A       75%         4
 Alistair's Intoxication  Tmut/Pois      5%         N/A       93%         5
 Silence                  Hex/Air        2%         N/A       97%         5
 Agony                    Necr           2%         N/A       99%         5
 Starburst                Conj/Fire      9%         6d5       99%         6
 Maxwell's Capacitive Co  Air            1%         ∞         100%        8


Dungeon Overview and Level Annotations

Branches:
Dungeon (8/15)             Temple (1/1) D:6           Sewer (visited)
 Bailey (1/1)
   Lair: D:8-11

Altars:
Ashenzari
Cheibriados
Dithmenos
Elyvilon
Fedhas
Gozag
Hepliaklqana
Kikubaaqudgha
Nemelex Xobeh
Okawaru
Qazlal
Ru
Sif Muna
Trog
Uskayaw
Vehumet
Wu Jian
Xom
Zin
The Shining One

Shops:
D:3 :   D:4 :   D:6 *


Message History

The orc warrior hits you with a +0 war axe.
The orc warrior misses you.
Unknown command.
Casting: Searing Ray (safe; 3% risk of failure)
Confirm with . or Enter, or press ? or * to list all spells.
Aiming: Searing Ray (safe; 3% risk of failure)
Press: ? - help, Shift-Dir - straight line, f - hobgoblin
Aim: a hobgoblin, wielding a +0 hand axe and wearing a +0 leather armour (78% to hit)
The searing ray hits the orc warrior.
The orc warrior is almost dead.
The searing ray hits the hobgoblin.
The hobgoblin is moderately wounded. (Press . to maintain the ray.)
You howl as the wereblood boils in your veins!
The orc warrior closely misses you.
The orc warrior hits you with a +0 war axe!
Okay, then.
Casting: Searing Ray (safe; 3% risk of failure)
Confirm with . or Enter, or press ? or * to list all spells.
Aiming: Ensorcelled Hibernation (safe; 16% risk of failure)
Press: ? - help, Shift-Dir - straight line, f - orc warrior, p - hobgoblin
Aim: an orc warrior, wielding a +0 war axe and wearing a +0 ring mail (lightly wounded, chance to affect: 39%)
Okay, then.
You barely miss the orc warrior.
The orc warrior is almost dead.
You slash the orc warrior!
The orc warrior hits you but does no damage.
The orc warrior hits you with a +0 war axe!
The orc warrior barely misses you.
The orc warrior hits you with a +0 war axe.
* * * LOW HITPOINT WARNING * * *
As you read the scroll of teleportation, it crumbles to dust.
You feel strangely unstable. The orc warrior misses you.
The orc warrior hits you with a +0 war axe!
* * * LOW HITPOINT WARNING * * *
Unknown command.
Your primal bloodlust has ended.
The orc warrior attacks as it pursues you!
The orc warrior hits you with a +0 war axe!
You die...

'...).......#
#......)....#
##.........### ##
♣###...).###.### ##.#
###.#'#.....###
##....
###.........###......
#...........#.......
#...........#.......
#.....⌠...@o#g....⌠.
#.........o.)g......
#...........#.......
##.........###......
###.....### ##....
###.### #.# ### #


You could see 2 orc warriors and a gnoll.

Vanquished Creatures
  A steam dragon (D:7)
  Menkaure (D:7)
  2 water moccasins
  An orc warrior (Bailey)
  A sky beast (D:7)
  Pargi (Sewer)
  An ogre (D:7)
  2 phantoms (D:5)
  2 scorpions
  4 wights (D:7)
  3 howler monkeys (D:7)
  A jelly (D:6)
  2 hounds (D:4)
  An orc priest (D:3)
  A sleepcap (D:7)
  4 iguanas
  2 orc wizards
  10 gnolls
  7 adders
  2 river rats (D:3)
  4 shadow imps
  A white imp (D:5)
  An ufetubus (D:5)
  4 worms (D:2)
  3 dart slugs
  23 orcs
  16 bats
  7 endoplasms
  7 giant cockroaches
  12 goblins
  7 hobgoblins
  4 jackals (D:3)
  9 kobolds
  11 quokkas
  8 ball pythons
  12 frilled lizards
  7 rats
185 creatures vanquished.

Notes
Turn   | Place    | Note
-------+----------+-------------------------------------------
     0 | D:1      | bcImEvil the Human Wanderer began the quest for the Orb.
     0 | D:1      | bcImEvil set off with the following items: a +0 club, a
                  | potion of curing, a +0 robe, a potion of lignification; and
                  | the following spells available to memorise: Magic Dart,
                  | Searing Ray, Sting, Hailstorm, Ignite Poison.
     0 | D:1      | Reached XP level 1. HP: 16/16 MP: 3/3
     2 | D:1      | Learned a level 1 spell: Magic Dart
     4 | D:1      | Learned a level 1 spell: Sting
   241 | D:1      | Reached XP level 2. HP: 22/22 MP: 1/5
   287 | D:1      | Learned a level 2 spell: Searing Ray
   589 | D:1      | Reached XP level 3. HP: 27/27 MP: 6/6
   640 | D:1      | Learned a level 2 spell: Wereblood
  1409 | D:2      | Reached XP level 4. HP: 33/33 MP: 1/7
  1484 | D:2      | Reached skill level 1 in Polearms
  2085 | D:2      | Reached skill level 1 in Dodging
  2105 | D:2      | Learned a level 2 spell: Ensorcelled Hibernation
  2270 | D:3      | Found Muvinyz's Book Shop.
  2407 | D:3      | Reached XP level 5. HP: 37/38 MP: 4/8
  2659 | D:3      | Found a glowing drain.
  2695 | Sewer    | Entered a sewer
  2839 | Sewer    | Noticed Pargi
  2860 | Sewer    | Killed Pargi
  2861 | Sewer    | Reached skill level 1 in Ranged Weapons
  2861 | Sewer    | Reached skill level 1 in Poison Magic
  2861 | Sewer    | Reached XP level 6. HP: 46/46 MP: 2/9
  3664 | D:3      | Reached skill level 1 in Axes
  3664 | D:3      | Reached skill level 1 in Stealth
  3755 | D:3      | Reached skill level 5 in Conjurations
  3960 | D:3      | Found a faded altar of an unknown god.
  4012 | D:4      | Reached XP level 7. HP: 47/51 MP: 10/10
  4029 | D:4      | Learned a level 3 spell: Ignite Poison
  4133 | D:4      | Found a hazy altar of Hepliaklqana.
  4593 | D:4      | Reached skill level 1 in Hexes
  4670 | D:4      | Found Tuwuef's Vocational Training.
  4809 | D:4      | Found an ancient bone altar of Kikubaaqudgha.
  4809 | D:4      | Found an ornate altar of the Wu Jian Council.
  4948 | D:4      | Reached skill level 1 in Short Blades
  5272 | D:5      | Entered Level 5 of the Dungeon
  6105 | D:5      | Reached skill level 1 in Fire Magic
  6357 | D:5      | Noticed a water moccasin
  6368 | D:5      | Killed a water moccasin
  6369 | D:5      | Reached XP level 8. HP: 40/58 MP: 3/11
  6495 | D:5      | Found a sacrificial altar of Ru.
  6765 | D:6      | Found Kukom's General Store.
  7049 | D:6      | Found a staircase to the Ecumenical Temple.
  7115 | Temple   | Entered the Ecumenical Temple
  7128 | Temple   | Became a worshipper of Vehumet
  7149 | D:6      | Found the +7 Throatcutter {drain, coup de grace}
  8558 | D:7      | Reached XP level 9. HP: 50/65 MP: 0/12
  8824 | D:7      | Noticed Menkaure
  9082 | D:7      | Reached skill level 1 in Maces & Flails
  9325 | D:7      | Found a snail-covered altar of Cheibriados.
  9326 | D:7      | Found a shimmering blue altar of Sif Muna.
  9588 | D:7      | Killed Menkaure
  9588 | D:7      | Reached * piety under Vehumet
  9588 | D:7      | Offered knowledge of Foxfire by Vehumet.
  9744 | D:8      | Found a glowing silver altar of Zin.
  9790 | D:8      | Found a flagged portal.
  9796 | Bailey   | Entered a bailey
  9991 | Bailey   | Reached skill level 1 in Long Blades
 10099 | Bailey   | HP: 3/65 [orc warrior/+0 war axe (11)]
 10100 | Bailey   | Mangled by an orc warrior

Illustrated notes

Levels and vault maps discovered:
D:1:      matt_arrival_grand_opening, layout_basic, kennysheep_pointless_box,
          minmay_pentomino_v2
D:2:      minmay_thinvault, layout_rooms
D:3:      layout_basic, portal_sewer_entry_b,
          dilly_ecumenical_altar_fadedgnrine, serial_shops,
          nicolae_shop_tiny_statue_garden
D:4:      layout_loops_corners, mainiacjoe_overflow_small_starburst,
          nicolae_overflow_two_pavilions, nicolae_shop_vocational
D:5:      layout_loops_ring, nicolae_ru_sacrificial_ziggurat, dk_vineyard_2,
          chequers_decorated_corner, minmay_misc_feat_pillars, minivault_25,
          minmay_strange_pillars
D:6:      layout_loops_corners, minmay_temple_entry_arrows, serial_shops,
          nicolae_stop_n_shop_1
D:7:      layout_cave_pools, gammafunk_temple_overflow_pools,
          chequers_serial_rivers_micro_e, uniq_menkaure
D:8:      layout_basic, lemuel_tele_altar, enter_bailey_3,
          hangedman_glass_teeth, kennysheep_small_spiral,
          minmay_misc_feat_secret_circle, minivault_25
Temple:   hellmonk_temple_forest_ring
Bailey:   bailey_axe_minmay_hex_keep, bailey

Skill      XL: |  1  2  3  4  5  6  7  8  9 |
---------------+----------------------------+-----
Polearms       | 1 2 |  2.3
Dodging        | 1 2 3 4 |  4.6
Ranged Weapons | 1 2 3 |  3.3
Poison Magic   | 1 |  1.0
Axes           | 1 2 3 |  3.6
Stealth        | 1 |  1.0
Conjurations   | 5 |  5.0
Hexes          | 1 2 |  2.0
Short Blades   | 1 3 4 |  4.1
Fighting       | 3 4 |  4.3
Fire Magic     | 1 2 3 |  3.9
Maces & Flails | 1 |  1.4
Long Blades    | 1 |  1.0
Throwing       | |  0.8
Spellcasting   | |  2.5
Transmutations | |  2.5
Ice Magic      | |  0.5

Action                     |  1- 3 |  4- 6 |  7- 9 || total
---------------------------+-------+-------+-------++-------
  Melee: Trident           |    87 |    41 |       ||   128
         Club              |     1 |       |       ||     1
         Short sword       |       |    12 |       ||    12
         War axe           |       |    13 |       ||    13
         Dagger            |       |    28 |    70 ||    98
         Flail             |       |       |    20 ||    20
         Punch             |       |       |     1 ||     1
         Battleaxe         |       |       |    10 ||    10
         Long sword        |       |       |     7 ||     7
   Fire: Sling             |       |    17 |     4 ||    21
  Throw: Boomerang         |     2 |       |     2 ||     4
   Cast: Magic Dart        |    25 |    43 |    63 ||   131
         Sting             |    10 |     9 |    21 ||    40
         Searing Ray       |     3 |    14 |    36 ||    53
         Ensorcelled Hiber |       |     4 |     7 ||    11
         Wereblood         |       |     1 |     4 ||     5
         Ignite Poison     |       |       |    14 ||    14
    Use: Potion            |       |     1 |       ||     1
         Scroll            |       |       |     4 ||     4
   Stab: Sleeping          |     2 |     3 |     4 ||     9
 Armour: Robe              |    41 |    60 |   105 ||   206
         Skin              |       |    46 |       ||    46
  Dodge: Dodged            |    36 |    65 |    79 ||   180

Table legend: (Time is in decaauts)
 A = Elapsed time spent in this place.
 B = Non-inter-level travel time spent in this place.
 C = Inter-level travel time spent in this place.
 D = Time resting spent in this place.
 E = Time spent auto-exploring this place.
 F = Levels seen in this place.
 G = Mean time per level.
                   A        B        C        D        E       F      G
               +--------+--------+--------+--------+--------+-----+--------+
         Total |  10159 |   9691 |    468 |   3472 |   3990 |  11 |  923.5 |
       Dungeon |   9493 |   9025 |    468 |   3147 |   3958 |   8 | 1186.6 |
        Temple |     26 |     26 |      0 |      0 |      0 |   1 |   26.0 |
         Sewer |    335 |    335 |      0 |    175 |     32 |   1 |  335.0 |
        Bailey |    303 |    303 |      0 |    150 |      0 |   1 |  303.0 |
               +--------+--------+--------+--------+--------+-----+--------+

Top non-repeatable levels by time:
     D:6: 1595 daAuts
     D:5: 1453 daAuts
     D:3: 1380 daAuts
     D:7: 1345 daAuts
     D:4: 1315 daAuts
     D:2: 1224 daAuts
     D:1: 1119 daAuts
   Sewer: 335 daAuts
  Bailey: 303 daAuts
     D:8: 58 daAuts
  Temple: 26 daAuts
